 Dungeon Crawl Stone Soup version 0.30-a0-723-gc1506a1cf0 (webtiles) character file.

Game seed: 2653496562106633536

13 ASSMAN the Sneak (level 2, -10/18 HPs)
             Began as a Vampire Delver on Jan 29, 2023.
             Killed from afar by an orc wizard (11 damage)
             ... with a puff of flame
             ... on level 6 of the Dungeon.
             The game lasted 00:00:45 (213 turns).

ASSMAN the Sneak (Vampire Delver)                    Turns: 213, Time: 00:00:46

Health: -10/18     AC:  3    Str: 11    XL:     2   Next: 24%
Magic:  2/2        EV: 12    Int: 12    God:
Gold:   25         SH:  0    Dex: 15    Spells: 1/1 levels left

rFire   . . .      SeeInvis +    a - +0 short sword
rCold   + + .      Faith    .    (no shield)
rNeg    + + +      Spirit   .    b - +0 leather armour
rPois   ∞          Reflect  .    (no helmet)
rElec   .          Harm     .    (no cloak)
rCorr   .          Rampage  .    (no gloves)
Will    .....                    (no boots)
Stlth   +++                      (no amulet)
HPRegen 0.00/turn                (no ring)
MPRegen 0.08/turn                (no ring)

@: confused, bloodless, inhibited regen, hasted, very quick
A: bloodless, fangs 3, see invisible, vampiric 1
a: Revivify


You were on level 6 of the Dungeon.
You visited 1 branch of the dungeon, and saw 2 of its levels.

You collected 25 gold pieces.

Inventory:

Hand Weapons
 a - a +0 short sword (weapon)
Armour
 b - a +0 leather armour (worn)
Wands
 g - a wand of digging (3)
 h - a wand of roots (5)
Scrolls
 c - a scroll of fog
 d - a scroll of magic mapping
 e - a scroll of fear


   Skills:
 - Level 2.6 Fighting
 + Level 2.5 Short Blades
 - Level 2.1 Dodging
 * Level 7.8 Stealth


You had one spell level left.
You didn't know any spells.
Your spell library was empty.

Dungeon Overview and Level Annotations

Branches:
Dungeon (6/15)
 Temple: D:4-7

Altars:


Innate Abilities, Weirdness & Mutations

You do not regenerate when monsters are visible.
You are frail without blood (-20% HP).
You can heal yourself when you bite living creatures.
You are immune to poison.
You have razor-sharp teeth.
You have supernaturally acute eyesight. (SInv)
You are afflicted with vampirism.


Message History

You resist with significant effort.
You bump into the rock wall.
The orc wizard misses you.
The orc wizard attacks as you move away!
The orc wizard hits you with a +0 dagger.
Things that are here:
a +0 club; an orc corpse The orc wizard gestures at you while chanting.
You resist with significant effort.
You bump into the rock wall.
You feel less confused.
The orc wizard gestures at you while chanting.
You are confused.
The orc wizard gestures at you while chanting.
You resist with significant effort.
Things that are here:
a +0 club; an orc corpse You bump into the rock wall.
The orc wizard hits you with a +0 dagger.
You hit the orc wizard.
The orc wizard is moderately wounded.
The orc wizard barely misses you.
An orc wizard comes into view. It is wielding a +0 dagger.
You bump into the rock wall.
The orc wizard misses you.
The orc wizard points at you and mumbles some strange words.
The puff of flame hits you.
* * * LOW HITPOINT WARNING * * *
The orc wizard shouts!
The orc wizard gestures at you while chanting.
The magic dart hits you.
* * * LOW HITPOINT WARNING * * *
You feel yourself speed up.
The orc wizard points at you and mumbles some strange words.
You are more confused.
You bump into the rock wall.
You bump into the rock wall.
You bump into the rock wall.
The orc wizard casts a spell at you. The puff of flame hits you!
Ouch! That really hurt!
You die...

##.#.##.....#.#
##.###.#.....#.#
#.##...(.......#
#######.....#.....###
........###.#.....#
#######.# #.....###
###########
#.###.#####
..........#######...##
#########...o)o.@.#.#
##########.## ###


You could see 2 orc wizards.

Vanquished Creatures
  A shadow imp (D:6)
  A dart slug (D:5)
  An orc (D:6)
3 creatures vanquished.

Notes
Turn   | Place    | Note
-------+----------+-------------------------------------------
     0 | D:5      | ASSMAN the Vampire Delver began the quest for the Orb.
     0 | D:5      | Reached XP level 1. HP: 17/17 MP: 1/1
    21 | D:5      | Noticed a black bear
   118 | D:6      | Reached XP level 2. HP: 15/18 MP: 2/2
   162 | D:6      | Noticed a sky beast
   213 | D:6      | Killed from afar by an orc wizard

Illustrated notes

Levels and vault maps discovered:
D:5:      layout_loops_corners, uniq_edmund, uniq_duvessa,
          uniq_crazy_yiuf_cottage
D:6:      cheibrodos_quashed, layout_loops_ring, cheibrodos_sewer_entry_sluice,
          serial_shops, kennysheep_mini

Action                     || total
---------------------------++-------
  Melee: Short sword       ||    15
         Bite              ||     1
Ability: Exsanguinate      ||     1
    Use: Potion            ||     1
   Stab: Sleeping          ||     1
 Armour: Leather armour    ||     1
  Dodge: Dodged            ||    10

Table legend: (Time is in decaauts)
 A = Elapsed time spent in this place.
 B = Non-inter-level travel time spent in this place.
 C = Inter-level travel time spent in this place.
 D = Time resting spent in this place.
 E = Time spent auto-exploring this place.
 F = Levels seen in this place.
 G = Mean time per level.
                   A        B        C        D        E       F      G
               +--------+--------+--------+--------+--------+-----+--------+
         Total |    210 |    210 |      0 |      0 |    121 |   2 |  105.0 |
       Dungeon |    210 |    210 |      0 |      0 |    121 |   2 |  105.0 |
               +--------+--------+--------+--------+--------+-----+--------+

Top non-repeatable levels by time:
     D:6: 178 daAuts
     D:5: 31 daAuts
